 Dungeon Crawl Stone Soup version 0.31.0-32-g396128a36d (webtiles) character file.

Game seed: 16037602322356369313

14868 PaiMei the Artisan of Death (level 11, -12/87 HPs)
             Began as a Demonspawn Necromancer on Apr 17, 2024.
             Was a Priest of Kikubaaqudgha.
             Killed from afar by an efreet (23 damage)
             ... with a fireball
             ... on level 11 of the Dungeon.
             The game lasted 00:24:15 (16682 turns).

PaiMei the Artisan of Death (DsNe)                 Turns: 16682, Time: 00:24:16

Health: -12/87     AC:  6    Str: 15    XL:     11   Next: 94%
Magic:  24/24      EV: 16    Int: 20    God:    Kikubaaqudgha [***...]
Gold:   871        SH:  0    Dex: 13    Spells: 15/28 levels left

rFire   . . .        o - +2 dagger (venom)
rCold   + . .        (no shield)
rNeg    + . .        p - +2 robe {rN+}
rPois   .            k - +0 helmet
rElec   .            s - +0 cloak
rCorr   .            (gloves unavailable)
SInv    .            (no boots)
Will    .....        (no amulet)
Stlth   +++          i - +6 ring of strength
HPRegen 0.34/turn    m - ring of protection from cold
MPRegen 0.19/turn

%: no passive effects
@: no status effects
A: demonic magic 2, demonic touch 3
a: Renounce Religion, Unearth Wretches


You were on level 11 of the Dungeon.
You worshipped Kikubaaqudgha.
Kikubaaqudgha was most pleased with you.
You visited 3 branches of the dungeon, and saw 13 of its levels.

You collected 871 gold pieces.

Inventory:

Hand Weapons
 o - a +2 dagger of venom (weapon)
 G - a +2 falchion of flaming
 H - a +1 short sword of flaming
 O - a +3 whip of electrocution
Missiles
 h - 3 throwing nets
 E - 12 curare-tipped darts (quivered)
 F - 35 poisoned darts
Armour
 k - a +0 helmet (worn)
 p - a +2 robe of positive energy (worn)
 s - a +0 cloak (worn)
 I - a +0 leather armour of willpower
 S - a +0 kite shield
Jewellery
 i - a +6 ring of strength (left hand)
 m - a ring of protection from cold (right hand)
 y - a ring of fire
 K - an amulet of guardian spirit
 N - a +4 ring of protection
 P - a +6 ring of intelligence
 Q - the ring "Payjimit" {rCorr Str+6}
   (You found it on level 11 of the Dungeon)

   [ring of strength]

   Str+6:     It affects your strength (+6).
   rCorr:     It protects you from acid and corrosion.
 R - a ring of poison resistance
Wands
 d - a wand of iceblast (12)
 v - a wand of mindburst (1)
 A - a wand of quicksilver (16)
 B - a wand of flame (28)
Scrolls
 c - a scroll of poison {unknown}
 e - 11 scrolls of identify
 f - 2 scrolls of teleportation
 j - a scroll of blinking {unknown}
 n - 2 scrolls of fear {unknown}
 r - 3 scrolls of enchant armour {unknown}
 u - a scroll of vulnerability {unknown}
 x - a scroll of immolation {unknown}
 D - a scroll of acquirement {unknown}
 L - a scroll of summoning {unknown}
 M - a scroll of noise {unknown}
Potions
 a - a potion of attraction {unknown}
 b - 2 potions of magic
 g - 2 potions of curing
 l - 2 potions of heal wounds {unknown}
 q - 2 potions of lignification
 t - 8 potions of degeneration
 w - a potion of brilliance {unknown}
 z - 2 potions of cancellation {unknown}
 C - a potion of ambrosia
 J - 2 potions of mutation {unknown}


   Skills:
 + Level 8.4 Fighting
 + Level 9.2 Dodging
 - Level 5.1 Stealth
 + Level 9.3 Spellcasting
 + Level 11.6 Necromancy


You had 15 spell levels left.
You knew the following spells:

 Your Spells              Type           Power      Damage    Failure   Level
a - Necrotise             Necr           100%       1d9       1%          1
b - Vampiric Draining     Necr           54%        2d9       1%          3
c - Animate Dead          Necr           54%        N/A       1%          4
d - Curse of Agony        Necr           54%        N/A       1%          5

Your spell library contained the following spells:

 Spells                   Type           Power      Damage    Failure   Level
 Kiss of Death            Conj/Necr      100%       2d13      1%          1
 Fugue of the Fallen      Necr           54%        N/A       1%          3
 Dispel Undead            Necr           54%        3d20      1%          4
 Cigotuvi's Dreadful Rot  Necr/Alch/Air  48%        N/A       2%          2
 Anguish                  Hex/Necr       16%        N/A       7%          4
 Martyr's Knell           Necr/Summ      32%        N/A       7%          4
 Slow                     Hex            36%        N/A       8%          1
 Scorch                   Fire           18%        2d5       12%         2
 Confusing Touch          Hex            9%         N/A       22%         3
 Sigil of Binding         Hex            9%         N/A       22%         3
 Flame Wave               Conj/Fire      9%         2d6       58%         4
 Summon Cactus Giant      Summ           4%         N/A       100%        6


Dungeon Overview and Level Annotations

Branches:
Dungeon (11/15)            Temple (1/1) D:6            Lair (0/5) D:11
    Orc (1/2) D:10

Altars:
Ashenzari
Cheibriados
Dithmenos
Fedhas
Gozag
Hepliaklqana
Kikubaaqudgha
Makhleb
Nemelex Xobeh
Okawaru
Qazlal
Ru
Sif Muna
Trog
Uskayaw
Vehumet
Wu Jian
Xom
Yredelemnul

Shops:
D:1 [   D:5 (


Innate Abilities, Weirdness & Mutations

Spells you cast may paralyse nearby enemies.
Your touch may irresistibly damage your foes and sap their willpower.


Message History

You start resting.
An efreet is nearby!
You start resting.
An efreet is nearby!
The efreet misses you.
Casting: Vampiric Draining (safe; 1% risk of failure)
Confirm with . or Enter, or press ? or * to list all spells.
You can't see any susceptible monsters within range! (Use Z to cast anyway.)
You hit the efreet but do no damage. The efreet gestures at you.
The bolt of fire hits you!!
Casting: Vampiric Draining (safe; 1% risk of failure)
Confirm with . or Enter, or press ? or * to list all spells.
Okay, then.
You hit the efreet but do no damage.
The efreet is poisoned.
The efreet gestures at you.
The fireball explodes!
The fireball engulfs you!!
The fireball engulfs the efreet.
The efreet completely resists.
You barely miss the efreet.
The efreet is lightly wounded.
The efreet closely misses you.
You hit the efreet but do no damage.
The efreet is lightly wounded.
The efreet hits you with a +0 scimitar of flaming!!
* * * LOW HITPOINT WARNING * * *
The efreet burns you!
* * * LOW HITPOINT WARNING * * *
Okay, then.
Unknown command.
Okay, then.
Okay, then.
Okay, then.
Aiming: Mindburst
Press: ? - help, Shift-Dir - straight line, f - efreet
Aim: an efreet, wielding a +0 scimitar of flaming (lightly wounded, very poisoned, chance to affect: 64%)
The efreet struggles to resist.
The efreet gestures at you.
The fireball explodes!
The fireball engulfs you!!
You die...
Kikubaaqudgha rasps: "You have failed me!
Welcome... death!"

#.....#.........#.#.....#..
#.....#####'#####.###+###..
#..........................
#..##################......
#..#............... #......
#..#............... #....##
##.#............... #....#.
#)#............... #....'.
#.#......@...#######....#.
#.######R#####..........#.
#........○...........####.
#....................#....
#..................[.#....
#.#####..............#....
#.#...#<......R°.....#+##>
#.#...#.................#.
#.'...'...........).....#.


You could see an efreet (very poisoned).

Vanquished Creatures
  2 centaur warriors (D:11)
  A boulder beetle (D:11)
  2 two-headed ogres
  Sonja (D:10)
  Lodul (D:10)
  Pikel (D:6)
  3 manticores
  A meliai (D:9)
  Maurice (D:8)
  Joseph (D:10)
  A rime drake (D:10)
  A kobold demonologist (D:11)
  Psyche (D:7)
  Grinder (D:6)
  A polar bear (D:10)
  A troll (D:9)
  A hornet (D:9)
  A wyvern (D:9)
  11 yaks (D:9)
  2 water moccasins
  2 ice beasts
  4 orc warriors
  7 ogres
  A boggart (D:9)
  3 wolves
  A centaur (D:9)
  A lemure (D:6)
  2 phantoms (D:7)
  6 kobold brigands
  3 bullfrogs
  3 gnoll sergeants
  A scorpion (D:6)
  6 wights
  2 killer bees (D:9)
  2 bombardier beetles
  2 hounds
  7 orc priests
  5 jellies
  2 sleepcaps
  3 iguanas
  14 orc wizards
  14 gnolls
  8 adders
  A white imp (D:6)
  2 dart slugs
  34 orcs
  3 bats
  7 endoplasms
  3 giant cockroaches (D:4)
  6 goblins
  6 hobgoblins
  4 quokkas
  6 ball pythons
  13 frilled lizards
  33 kobolds
  4 rats
256 creatures vanquished.

Vanquished Creatures (collateral kills)
  A cyclops (D:9)
  A yak (D:9)
  A ball python (D:2)
  A goblin (D:4)
  A frilled lizard (D:6)
5 creatures vanquished.

Vanquished Creatures (others)
  A wyvern zombie (D:9)
  A cyclops zombie (D:9)
2 creatures vanquished.

Grand Total: 263 creatures vanquished

Notes
Turn   | Place    | Note
-------+----------+-------------------------------------------
     0 | D:1      | PaiMei the Demonspawn Necromancer began the quest for the
                  | Orb.
     0 | D:1      | Reached XP level 1. HP: 13/13 MP: 3/3
   337 | D:1      | Gained mutation: Your touch may inflict minor irresistible
                  | damage on your foes. [demonic ancestry]
   337 | D:1      | Reached XP level 2. HP: 19/19 MP: 0/5
   502 | D:1      | Found Ifiysmargh's Antique Armour Shop.
   886 | D:2      | Gained mutation: Spells you cast may paralyse adjacent
                  | enemies. [demonic ancestry]
   886 | D:2      | Reached XP level 3. HP: 24/24 MP: 2/6
   890 | D:2      | Learned a level 3 spell: Vampiric Draining
  1911 | D:3      | Reached XP level 4. HP: 20/30 MP: 5/7
  2206 | D:3      | Reached skill level 5 in Necromancy
  2938 | D:4      | Gained mutation: Your touch may inflict irresistible damage
                  | on your foes. [demonic ancestry]
  2938 | D:4      | Reached XP level 5. HP: 35/35 MP: 1/9
  4096 | D:4      | Reached XP level 6. HP: 41/41 MP: 2/10
  4359 | D:4      | Learned a level 4 spell: Animate Dead
  4517 | D:5      | Entered Level 5 of the Dungeon
  4640 | D:5      | Found Piaxuul's Weapon Shop.
  4677 | D:5      | Reached skill level 6 in Necromancy
  4773 | D:5      | Gained mutation: Your touch may irresistibly damage your
                  | foes and sap their willpower. [demonic ancestry]
  4773 | D:5      | Reached XP level 7. HP: 46/46 MP: 6/12
  5220 | D:5      | Found a shimmering blue altar of Sif Muna.
  5581 | D:6      | Found a staircase to the Ecumenical Temple.
  5590 | Temple   | Entered the Ecumenical Temple
  5619 | Temple   | Became a worshipper of Kikubaaqudgha
  6010 | D:6      | Noticed Grinder
  6232 | D:6      | Paralysed by Grinder for 3 turns
  6251 | D:6      | Killed Grinder
  6252 | D:6      | Reached skill level 5 in Stealth
  6252 | D:6      | Reached XP level 8. HP: 24/52 MP: 7/15
  6396 | D:6      | Reached skill level 7 in Necromancy
  6544 | D:6      | Noticed Pikel
  6645 | D:6      | Killed Pikel
  6646 | D:6      | Reached skill level 5 in Dodging
  6646 | D:6      | Reached skill level 5 in Spellcasting
  7317 | D:7      | Gained mutation: Spells you cast may paralyse nearby
                  | enemies. [demonic ancestry]
  7317 | D:7      | Reached XP level 9. HP: 60/62 MP: 12/17
  7485 | D:7      | Reached skill level 8 in Necromancy
  7629 | D:7      | Reached * piety under Kikubaaqudgha
  7629 | D:7      | Received a gift from Kikubaaqudgha
  8251 | D:8      | Found a snail-covered altar of Cheibriados.
  8262 | D:8      | Noticed Psyche
  8296 | D:7      | Killed Psyche
  8906 | D:8      | Identified the +3 ring mail "Cixkeipylu" {-Cast +Blink rN++
                  | Dex+2}
  8938 | D:8      | Noticed a manticore
  9167 | D:8      | Killed a manticore
  9454 | D:8      | Found an iron altar of Okawaru.
  9470 | D:8      | Noticed Maurice
  9481 | D:8      | Maurice stole a +1 short sword of flaming
  9486 | D:8      | Maurice stole an amulet of guardian spirit
  9490 | D:8      | Killed Maurice
  9491 | D:8      | Reached skill level 5 in Fighting
  9491 | D:8      | Reached skill level 9 in Necromancy
  9960 | D:8      | Reached XP level 10. HP: 54/68 MP: 20/20
 10027 | D:8      | Noticed a manticore
 10035 | D:8      | Killed a manticore
 10283 | D:8      | Found a burning altar of Makhleb.
 11389 | D:9      | Reached ** piety under Kikubaaqudgha
 11675 | D:9      | Noticed a red ugly thing
 11675 | D:9      | Noticed a meliai
 11676 | D:9      | Noticed a cyclops
 11687 | D:9      | Noticed a cyan ugly thing
 11932 | D:9      | Killed a meliai
 11933 | D:9      | Reached skill level 10 in Necromancy
 12025 | D:9      | Killed a cyclops
 12205 | D:9      | Reached XP level 11. HP: 61/83 MP: 5/23
 12860 | D:9      | Noticed a boulder beetle
 13154 | D:10     | Entered Level 10 of the Dungeon
 13154 | D:10     | Found a staircase to the Orcish Mines.
 13237 | D:10     | Noticed a two-headed ogre
 13274 | D:9      | Killed a two-headed ogre
 13948 | D:10     | Noticed Sonja
 13953 | D:10     | Noticed Lodul
 13965 | D:10     | Killed Sonja
 14772 | D:10     | Noticed Joseph
 14776 | D:10     | Killed Joseph
 14911 | D:10     | Found a stormy altar of Qazlal.
 15056 | Orc:1    | Entered Level 1 of the Orcish Mines
 15084 | D:11     | Found a staircase to the Lair.
 15193 | D:10     | Killed Lodul
 15194 | D:10     | Reached skill level 11 in Necromancy
 15281 | D:11     | Noticed a two-headed ogre
 15363 | D:11     | Killed a two-headed ogre
 15370 | D:11     | Learned a level 5 spell: Curse of Agony
 15683 | D:11     | Noticed a centaur warrior
 15691 | D:11     | Killed a centaur warrior
 15693 | D:11     | Noticed a boulder beetle
 15703 | D:11     | Killed a boulder beetle
 15797 | D:11     | Identified the ring "Payjimit" {rCorr Str+6}
 15812 | D:11     | Noticed a white ugly thing
 15814 | D:11     | Noticed a purple ugly thing
 15861 | D:11     | Identified the +2 robe "Delots" {Int+6}
 16165 | D:11     | Reached *** piety under Kikubaaqudgha
 16165 | D:11     | Received a gift from Kikubaaqudgha
 16238 | D:11     | Noticed a centaur warrior
 16267 | D:11     | Killed a centaur warrior
 16682 | D:11     | Killed from afar by an efreet

Illustrated notes

Levels and vault maps discovered:
D:1:      dpeg_arrival_leaves_temple_mockup, layout_basic, serial_shops,
          shop_statue
D:2:      layout_rooms
D:3:      layout_loops_ring
D:4:      layout_gridville, serial_forest, infiniplex_forest_lined_1,
          infiniplex_forest_side_room, infiniplex_forest_corner_1,
          infiniplex_forest_lined_room_, infiniplex_forest_straight_2
D:5:      layout_layer_cave, nicolae_overflow_crystal_walls, elyvilon_altar_5,
          serial_shops, shop, moated_statue
D:6:      layout_gridville, minmay_temple_entry_proselytizer,
          nrook_mini_backslash, serial_library_hellmonk_room_b,
          grunt_decor_mini_mirrors, blue_anna_alchemist, serial_bayou_pond_c,
          minmay_lizard_king, uniq_grinder, uniq_pikel
D:7:      layout_rooms, serial_library_hellmonk_big_corner
D:8:      layout_basic, old_standard_altar, grunt_temple_overflow_open,
          billiards_dpeg, uniq_maurice, uniq_psyche
D:9:      minmay_the_grid_four_pointed_star_mashed
          [minmay_the_grid_triangle_9x9_wacky_v,
          minmay_the_grid_triangle_9x9_cache,
          minmay_the_grid_triangle_9x9_negative_grid,
          minmay_the_grid_triangle_9x9_sprig,
          minmay_the_grid_prize_inner_circle], layout_grid_maze
D:10:     layout_cave_pools, mainiacjoe_overflow_brackets, orc_0_dummy,
          bh_walls_and_bars, uniq_sonja, uniq_joseph, uniq_lodul
D:11:     minmay_curly_fans, layout_irregular_city, hellmonk_lair_entry_icy
Temple:   kb_temple_of_zot
Orc:1:    layout_caves

Skill      XL: |  1  2  3  4  5  6  7  8  9 10 11 |
---------------+----------------------------------+-----
Stealth        | 2 3 4 5 |  5.1
Dodging        | 2 3 4 5 6 8 9 |  9.2
Necromancy     | 5 6 7 9 10 11 | 11.6
Spellcasting   | 3 4 5 6 8 9 |  9.3
Fighting       | 2 5 6 8 |  8.4

Action                     |  1- 3 |  4- 6 |  7- 9 | 10-12 || total
---------------------------+-------+-------+-------+-------++-------
  Melee: Whip              |     4 |     4 |       |       ||     8
         Touch             |     1 |     2 |    31 |    29 ||    63
         Dagger            |       |    15 |   165 |   162 ||   342
         Punch             |       |       |     3 |       ||     3
   Cast: Necrotise         |    63 |    94 |    54 |    48 ||   259
         Vampiric Draining |       |     7 |    49 |   112 ||   168
         Animate Dead      |       |       |       |     1 ||     1
  Evoke: Wand              |       |       |       |     1 ||     1
    Use: Scroll            |       |       |       |     2 ||     2
         Potion            |       |       |       |     2 ||     2
   Stab: Paralysed         |       |     4 |    15 |    69 ||    88
 Armour: Robe              |    12 |    20 |   113 |   172 ||   317
  Dodge: Dodged            |    11 |     8 |   134 |   197 ||   350
